 Dungeon Sprint DCSS version 0.31-a0-691-g409c26aa35 (webtiles) character file.

Game seed: 15403589434534229954

1278 Midn8 the Slicer (level 8, -15/50 HPs)
             Began as a Vine Stalker Brigand on Sept 6, 2023.
             Was an Initiate of Ru.
             Demolished by a tentacle (21 damage)
             ... attached to a kraken
             ... in the Dungeon (Sprint II: "The Violet Keep of Menkaure").
             The game lasted 00:03:48 (341 turns).

Midn8 the Slicer (Vine Stalker Brigand)              Turns: 341, Time: 00:03:49

Health: -15/50     AC: 12    Str: 16    XL:     8   Next: 54%
Magic:  0/8        EV: 12    Int: 11    God:    Ru [......]
Gold:   90         SH:  0    Dex: 16    Spells: 7/7 levels left

rFire   x . .        a - +2 dagger
rCold   . . .        (no shield)
rNeg    . . .        k - +3 scale mail of Imucriq {Fly SInv Stlth+}
rPois   .            (no helmet)
rElec   .            l - +1 cloak {Stlth+}
rCorr   .            (no gloves)
SInv    +            (no boots)
Will    +....        (no amulet)
Stlth   +++++        (no ring)
HPRegen 1.08/turn    (no ring)
MPRegen 0.11/turn

%: no teleportation, guardian spirit
@: flying
A: fangs 3, regeneration 1, magic shield, antimagic bite, no potion heal 2, low
MP 1, heat vulnerability 1
a: Renounce Religion


You were in the Dungeon.
You worshipped Ru.
Ru was noncommittal.
You visited 1 branch You collected 486 gold pieces.
You spent 396 gold pieces at shops.

Inventory:

Hand Weapons
 a - a +2 dagger (weapon)
Missiles
 d - 9 poisoned darts (quivered)
 e - 3 curare-tipped darts
Armour
 b - a +0 robe
 c - a +0 cloak
 k - the +3 scale mail of Imucriq (worn) {Fly SInv Stlth+}
   (You bought it in a shop in the Dungeon)

   SInv:      It lets you see invisible.
   Fly:       It grants you flight.
   Stlth+:    It makes you more stealthy.
 l - a +1 cloak of stealth (worn)
Scrolls
 j - a scroll of blinking
Potions
 f - a potion of curing
 g - a potion of haste
 h - 2 potions of magic
 i - a potion of lignification


   Skills:
 - Level 10.0 Fighting
 - Level 10.0 Short Blades
 - Level 1.7 Throwing
 + Level 5.1 Armour
 - Level 6.0 Dodging
 - Level 8.0 Stealth


You had 7 spell levels left.
You didn't know any spells.
Your spell library was empty.

Dungeon Overview and Level Annotations

Branches:
Dungeon (1/1)

Altars:
Cheibriados
Dithmenos
Elyvilon
Fedhas
Gozag
Hepliaklqana
Kikubaaqudgha
Makhleb
Nemelex Xobeh
Okawaru
Qazlal
Ru
Sif Muna
Trog
Uskayaw
Vehumet
Wu Jian
Xom
Yredelemnul
Zin
The Shining One
Jiyva
Lugonu

Shops:
D (=:=[*!?[::[!([

Annotations:
D exclusion: oklob plant


Innate Abilities, Weirdness & Mutations

You have razor-sharp teeth.
Your natural rate of healing is unusually fast.
When hurt, damage is shared between your health and your magic reserves.
Your bite disrupts and absorbs the magic of your enemies.
Potions cannot restore your health.
Your magical capacity is low. (-10% MP)
You are vulnerable to heat. (rF-)


Message History

Your Armour skill increases to level 4!
The water moccasin attacks as it pursues you!
The water moccasin bites you but does no damage.
The water moccasin closely misses you.
You barely miss the water moccasin. Your bite misses the water moccasin.
The water moccasin is heavily wounded.
You hit the water moccasin. You bite the water moccasin. You drain its power.
You feel invigorated.
The water moccasin is severely wounded.
The water moccasin bites you but does no damage.
You hit the water moccasin. You bite the water moccasin!
You kill the water moccasin!
Your Armour skill increases to level 5!
You start resting.
HP restored.
Tentacles burst out of the water!
A tentacle comes into view.
You hit the tentacle.
The tentacle is lightly wounded.
You hit the tentacle but do no damage. Your bite misses the tentacle.
The tentacle is lightly wounded.
The tentacle slaps you!
You hit the tentacle but do no damage.
The tentacle is lightly wounded.
The tentacle slaps you.
You barely miss the tentacle. Your punch misses the tentacle.
The tentacle is lightly wounded.
The tentacle slaps you!
You hit the tentacle. You bite the tentacle. You drain its power.
You feel invigorated.
The tentacle is moderately wounded.
The tentacle slaps you but does no damage.
You hit the tentacle but do no damage.
The tentacle is lightly wounded.
The tentacle slaps you!!
* * * LOW HITPOINT WARNING * * *
The tentacle slaps you!
* * * LOW HITPOINT WARNING * * *
The tentacle slaps you!!
You die...

+.### }▓($?$$!((▓▓ .. ...#
#▓()!$)$$?▓▓ ..# #..#
#▓?$$?=)!!▓▓ #..# +..#
#▓?:!!$$?)▓▓ #..# #.^#
#▓$$))!$[(▓▓
+..####..####▓[[$!$[??▓▓
#....###...##▓▓▓▓▓▓▓+▓▓▓▓+
#......~~~~~~~~~@w~~──wX≈≈
~~.....~#'########'###Vww≈
~~~~~..~#_._._...#§§§## ≈
~~~§~~.~#._._._._#~~§≈##
≈≈≈~§~~~#_._._._.#§§§~§#
~≈≈≈≈~§~#._._._._#§§§≈§§#
≈≈§≈≈≈§~#.._._._.#§~§§~§+
≈≈≈###§≈#..._._._#~§§§§~#
#≈§# #§§#...._._.#§§§≈§≈


You could see a kraken and 3 tentacles.

Vanquished Creatures
  4 neqoxecs (D)
  Menkaure (D)
  5 water moccasins (D)
  4 necrophages (D)
14 creatures vanquished.

Notes
Turn   | Place    | Note
-------+----------+-------------------------------------------
     0 | D        | Midn8 the Vine Stalker Brigand began the quest for the Orb.
     0 | D        | Reached XP level 1. HP: 11/11 MP: 2/2
     1 | D        | Noticed a neqoxec
     1 | D        | Noticed a neqoxec
     1 | D        | Noticed a neqoxec
     1 | D        | Noticed a neqoxec
     7 | D        | Gained mutation: Your magical capacity is low. (-10% MP) [a
                  | neqoxec]
    12 | D        | Killed a neqoxec
    13 | D        | Reached XP level 2. HP: 15/15 MP: 2/2
    13 | D        | Reached XP level 3. HP: 18/18 MP: 3/3
    13 | D        | Reached XP level 4. HP: 23/23 MP: 4/4
    13 | D        | Reached XP level 5. HP: 26/26 MP: 5/5
    20 | D        | Gained mutation: You are vulnerable to heat. (rF-) [a
                  | neqoxec]
    21 | D        | Killed a neqoxec
    22 | D        | Reached skill level 10 in Short Blades
    22 | D        | Reached skill level 1 in Dodging
    22 | D        | Reached XP level 6. HP: 36/36 MP: 6/6
    26 | D        | Killed a neqoxec
    27 | D        | Reached skill level 5 in Dodging
    29 | D        | Killed a neqoxec
    30 | D        | Reached XP level 7. HP: 42/42 MP: 7/7
   125 | D        | Reached skill level 10 in Fighting
   130 | D        | Found Sileifonk's Book Shop.
   130 | D        | Found Vatt's Distillery.
   130 | D        | Found Oruot's Book Boutique.
   130 | D        | Found Vireh's Armour Shop.
   130 | D        | Found Punteutz's Antique Armour Boutique.
   131 | D        | Found Gehiuc's Antique Armour Boutique.
   131 | D        | Found Gacomyev's Magic Scroll Shop.
   131 | D        | Found Oginaph's Weapon Boutique.
   132 | D        | Found Qeont's Distillery.
   132 | D        | Found Nogin's Assorted Antiques.
   132 | D        | Noticed a cane toad
   134 | D        | Found Adiny's Antique Armour Boutique.
   134 | D        | Found Omew's Jewellery Shop.
   134 | D        | Noticed a cane toad
   134 | D        | Noticed an oklob plant
   134 | D        | Noticed a wyvern
   157 | D        | Gained mutation: You have razor-sharp teeth. [Vine Stalker
                  | growth]
   157 | D        | Reached XP level 8. HP: 44/50 MP: 8/8
   160 | D        | Found Bymaur's Jewellery Shop.
   160 | D        | Found Mafiam's Antique Weapon Boutique.
   160 | D        | Found Oshrac's Book Shoppe.
   162 | D        | Noticed a wyvern
   164 | D        | Noticed a yak
   166 | D        | Bought a potion of lignification for 33 gold pieces
   185 | D        | Bought a spiked scale mail for 198 gold pieces
   185 | D        | Identified the +3 scale mail of Imucriq {Fly SInv Stlth+}
                  | (You bought it in a shop in the Dungeon)
   185 | D        | Bought a runed cloak for 165 gold pieces
   205 | D        | Noticed a yak
   206 | D        | Noticed a yak
   239 | D        | Found an opulent altar of Gozag.
   239 | D        | Found an iron altar of Okawaru.
   240 | D        | Found a sparkling altar of Nemelex Xobeh.
   240 | D        | Found a blossoming altar of Fedhas.
   241 | D        | Found a radiant altar of Vehumet.
   241 | D        | Found a burning altar of Makhleb.
   241 | D        | Found a white marble altar of Elyvilon.
   242 | D        | Found a hide-covered altar of Uskayaw.
   242 | D        | Found a corrupted altar of Lugonu.
   242 | D        | Found a shadowy altar of Dithmenos.
   243 | D        | Found a glowing silver altar of Zin.
   243 | D        | Found a bloodstained altar of Trog.
   243 | D        | Found an ancient bone altar of Kikubaaqudgha.
   244 | D        | Found a basalt altar of Yredelemnul.
   244 | D        | Found a shimmering blue altar of Sif Muna.
   244 | D        | Found a viscous altar of Jiyva.
   244 | D        | Found a snail-covered altar of Cheibriados.
   245 | D        | Found a shimmering altar of Xom.
   245 | D        | Found a sacrificial altar of Ru.
   246 | D        | Found a glowing golden altar of the Shining One.
   246 | D        | Found an ornate altar of the Wu Jian Council.
   246 | D        | Found a stormy altar of Qazlal.
   246 | D        | Found a hazy altar of Hepliaklqana.
   250 | D        | Noticed Menkaure
   254 | D        | Noticed a flying skull
   254 | D        | Noticed a flying skull
   256 | D        | Became a worshipper of Ru the Awakened
   285 | D        | Noticed a kraken
   288 | D        | Killed Menkaure
   293 | D        | Reached skill level 5 in Armour
   341 | D        | Demolished by a tentacle

Illustrated notes

Levels and vault maps discovered:
D:        the_violet_keep_of_menkaure [sprint2_stairs_cluster_1,
          sprint2_shoproom, sprint2_temple, sprint2_basic_supplies,
          sprint2_obstacle_7, sprint2_obstacle_2, sprint2_obstacle_4,
          sprint2_obstacle_6, sprint2_obstacle_3, sprint2_timed_cluster_1,
          sprint2_smallroom_cluster_1, sprint2_smallroom_final_cluster_1,
          sprint2_transparent_cluster_1, sprint2_second_timed_cluster_1,
          sprint2_sniper_area_1, sprint2_heavy_combat_area_1,
          sprint2_mutation_trap_area_1, sprint2_forest_area_1,
          sprint2_light_combat_area_1, sprint2_behind_water_1,
          sprint2_near_end_vault_1]

Skill      XL: |  1  2  3  4  5  6  7  8 |
---------------+-------------------------+-----
Short Blades   | 9 10 | 10.0
Fighting       | 6 7 10 | 10.0
Dodging        | 1 6 |  6.0
Stealth        | 6 8 |  8.0
Armour         | 5 |  5.1
Throwing       | |  1.7

Action                     |  1- 3 |  4- 6 |  7- 9 || total
---------------------------+-------+-------+-------++-------
  Melee: Dagger            |     8 |    16 |   101 ||   125
         Bite              |     1 |     5 |    34 ||    40
         Punch             |       |       |     1 ||     1
    Use: Potion            |     1 |       |       ||     1
 Armour: Robe              |     4 |     2 |    16 ||    22
         Scale mail        |       |       |    19 ||    19
  Dodge: Dodged            |     1 |     4 |    36 ||    41

Table legend: (Time is in decaauts)
 A = Elapsed time spent in this place.
 B = Non-inter-level travel time spent in this place.
 C = Inter-level travel time spent in this place.
 D = Time resting spent in this place.
 E = Time spent auto-exploring this place.
 F = Levels seen in this place.
 G = Mean time per level.
                   A        B        C        D        E       F      G
               +--------+--------+--------+--------+--------+-----+--------+
         Total |    293 |    287 |      6 |     88 |      0 |   1 |  293.0 |
       Dungeon |    293 |    287 |      6 |     88 |      0 |   1 |  293.0 |
               +--------+--------+--------+--------+--------+-----+--------+

Top non-repeatable levels by time:
       D: 293 daAuts
